 Dungeon Crawl Stone Soup version 0.30-a0-728-gc68057be0a (webtiles) character file.

Game seed: 5875759415412701600

228 dialectric the Shooter (level 6, -1/69 HPs)
             Began as a Merfolk Hunter on Jan 30, 2023.
             Was an Initiate of the Shining One.
             Slain by a steam dragon (4 damage)
             ... on level 6 of the Dungeon.
             The game lasted 00:03:30 (2441 turns).

dialectric the Shooter (Merfolk Hunter)             Turns: 2441, Time: 00:03:30

Health: -1/69      AC: 23    Str: 11 (14) XL:     6   Next: 2%
Magic:  6/6        EV:  2    Int:  7 (8)  God:    the Shining One [......]
Gold:   245        SH:  0    Dex: 14 (17) Spells: 5/5 levels left

rFire   . . .      SeeInvis .    g - +0 hand axe (elec)
rCold   . . .      Faith    .    (no shield)
rNeg    . . .      Spirit   .    (body armour currently unavailable)
rPois   +          Reflect  .    (helmet currently unavailable)
rElec   .          Harm     .    (cloak currently unavailable)
rCorr   .          Rampage  .    (gloves currently unavailable)
Will    .....      NoTele   +    (boots currently unavailable)
Stlth   +                        (no amulet)
HPRegen 0.31/turn                (no ring)
MPRegen 0.10/turn                (no ring)

@: tree-form, attractive, glowing
A: stationary, stasis, torment immunity, boosted hp, (nimble swimmer 2),
(mertail)
a: Renounce Religion


You were on level 6 of the Dungeon.
You worshipped the Shining One.
The Shining One was noncommittal.
You were a tree.
You visited 1 branch of the dungeon, and saw 6 of its levels.

You collected 245 gold pieces.

Inventory:

Hand Weapons
 a - a +0 shortbow
 g - a +0 hand axe of electrocution (weapon)
 h - a +0 heavy quarterstaff
Missiles
 y - a throwing net
Armour
 c - a +0 leather armour
 q - the +1 leather armour "Anyapumo" (melded) {Regen+ Int+5}
   (You found it on level 2 of the Dungeon)

   Int:       It affects your intelligence (+5).
   Regen:     It increases your rate of health regeneration.
Jewellery
 v - a +6 ring of strength
 x - a ring of resist corrosion
Scrolls
 b - 2 scrolls of immolation
 d - a scroll of vulnerability {unknown}
 e - a scroll of poison {unknown}
 j - a scroll of summoning {unknown}
 k - 3 scrolls of identify {unknown}
 l - a scroll of silence {unknown}
 m - 2 scrolls of fog {unknown}
 p - a scroll of enchant weapon {unknown}
 r - 2 scrolls of teleportation {unknown}
 s - a scroll of noise {unknown}
 w - a scroll of amnesia {unknown}
Potions
 f - 2 potions of attraction
 i - a potion of lignification
 n - a potion of heal wounds {unknown}
 u - a potion of mutation {unknown}


   Skills:
 + Level 2.9 Fighting
 + Level 1.6 Axes
 + Level 4.4 Ranged Weapons
 + Level 1.6 Armour
 + Level 3.6 Dodging
 - Level 1.1 Stealth


You had 5 spell levels left.
You didn't know any spells.
Your spell library contained the following spells:

 Spells                   Type           Power      Damage    Failure   Level
 Manifold Assault         Tloc           0%         N/A       99%         4
 Dispersal                Tloc           0%         N/A       100%        6
 Disjunction              Tloc           0%         N/A       100%        8


Dungeon Overview and Level Annotations

Branches:
Dungeon (6/15)
 Temple: D:4-7

Altars:
Kikubaaqudgha
The Shining One

Shops:
D:2 [

Annotations:
D:3 Sigmund
D:4 Dowan, Duvessa


Innate Abilities, Weirdness & Mutations

You are a tree.
Your roots penetrate the ground, keeping you stationary.
You cannot be teleported.
You are immune to unholy pain and torment.
Your maximum health is greatly increased.
Your equipment is partially melded.
((You are very nimble when in or above water. (Stealth+, EV+, Speed+++)))
((Your lower body shifts to a powerful aquatic tail in water.))


Message History

The steam dragon bites you! The steam dragon misses you.
You hit the steam dragon.
The steam dragon is moderately wounded.
You hit the jelly but do no damage. Lightning courses through the jelly!
Your hands burn!
The jelly barely misses you. The steam dragon breathes steam at you.
The ball of steam hits you!
* * * LOW HITPOINT WARNING * * *
You are too injured to fight recklessly!
You are too injured to fight recklessly!
You are too injured to fight recklessly!
You are too injured to fight recklessly!
You are too injured to fight recklessly!
Unknown command.
The jelly attacks as you move away! The jelly hits you but does no damage.
The jelly is engulfed in a cloud of scalding steam.
The jelly dies!
The steam dragon breathes steam at you. The ball of steam hits you!
The Shining One protects you from harm!
You have reached level 6!
You are engulfed in a cloud of scalding steam.
It was a potion of lignification.
You turn into a tree.
The +1 leather armour "Anyapumo" {Regen+ Int+5} melds into your body.
Your roots penetrate the ground.
It was a potion of attraction.
You feel attractive to monsters. The steam dragon breathes steam at you.
The ball of steam hits you!
* * * LOW HITPOINT WARNING * * *
It was a potion of magic.
Magic courses through your body.
You are engulfed in a cloud of scalding steam.
The steam dragon bites you but does no damage.
The steam dragon claws you but does no damage.
It was a potion of degeneration.
There was something very wrong with that liquid.
You feel weakened.
You feel dopey.
You feel clumsy.
The steam dragon bites you but does no damage.
The steam dragon claws you.
You die...

..##... ..... ....
##..# ##..# ###
#..#
##.#####.########
##.......D#§.....#
#........§♣§......
##........§.§.....#
#..........§.§.####
#..............§#
#.............§.#
#.............§§#
##...............#
##..............).#
#..##...........)<#


You could see a steam dragon.

Vanquished Creatures
  An ice beast (D:5)
  An adder (D:4)
  4 gnolls
  A white imp (D:5)
  A worm (D:2)
  2 dart slugs
  6 orcs (D:5)
  5 endoplasms
  2 giant cockroaches
  4 goblins
  6 hobgoblins
  4 kobolds
  2 quokkas (D:1)
  A ball python (D:1)
  3 bats
  4 frilled lizards
  5 rats
52 creatures vanquished.

Vanquished Creatures (others)
  A jelly (D:6)
  A fungus (D:1)
  A plant (D:1)
3 creatures vanquished.

Grand Total: 55 creatures vanquished

Notes
Turn   | Place    | Note
-------+----------+-------------------------------------------
     0 | D:1      | dialectric the Merfolk Hunter began the quest for the Orb.
     0 | D:1      | Reached XP level 1. HP: 16/16 MP: 1/1
    21 | D:1      | Found a faded altar of an unknown god.
    46 | D:1      | Reached XP level 2. HP: 22/22 MP: 2/2
   312 | D:1      | Reached XP level 3. HP: 27/27 MP: 3/3
   382 | D:1      | Reached skill level 4 in Ranged Weapons
  1207 | D:2      | Found Tydiy's Antique Armour Shop.
  1238 | D:2      | Identified the +1 leather armour "Anyapumo" {Regen+ Int+5}
  1321 | D:2      | Reached XP level 4. HP: 34/34 MP: 4/4
  1842 | D:3      | Noticed Sigmund
  2090 | D:4      | Noticed Duvessa
  2091 | D:4      | Noticed Dowan
  2102 | D:5      | Entered Level 5 of the Dungeon
  2140 | D:5      | Found a glowing golden altar of the Shining One.
  2148 | D:5      | Noticed an ice beast
  2159 | D:5      | Killed an ice beast
  2160 | D:5      | Reached skill level 1 in Axes
  2160 | D:5      | Reached skill level 1 in Armour
  2160 | D:5      | Reached XP level 5. HP: 24/39 MP: 5/5
  2164 | D:5      | Became a worshipper of the Shining One
  2338 | D:5      | Found an ancient bone altar of Kikubaaqudgha.
  2430 | D:6      | Noticed a steam dragon
  2435 | D:6      | The Shining One protects you from harm!
  2436 | D:6      | Reached XP level 6. HP: 7/46 MP: 6/6
  2439 | D:6      | HP: 3/69 [steam dragon/ball of steam (12)]
  2441 | D:6      | Slain by a steam dragon

Illustrated notes

Levels and vault maps discovered:
D:1:      amcnicky_arrival_flooded_fountain, layout_basic,
          shapermc_ecumenical_altar_mp_urbaneastern, minmay_indecisive_spiral
D:2:      layout_basic, serial_shops, shop, chequers_serial_rivers_room_a,
          item_on_display_a
D:3:      layout_rooms, mainiacjoe_overflow_paths,
          nicolae_concentric_dashed_squares_mild, uniq_ijyb, uniq_sigmund
D:4:      minmay_diamond_boxcup, layout_cave_pools, kennysheep_mini,
          temple_green, portal_sewer_entry_e, uniq_blork_the_orc,
          uniq_crazy_yiuf_cottage, uniq_duvessa
D:5:      layout_loops_ring, mainiacjoe_overflow_small_starburst,
          kiku_gazebo_pond_becter, nicolae_overflow_hidden_temple,
          dilly_guarded_unrand_morg
D:6:      layout_cave_pods, ebering_ghost_rock_garden, uniq_eustachio,
          uniq_edmund

Skill      XL: |  1  2  3  4 |
---------------+-------------+-----
Ranged Weapons | 4 |  4.4
Dodging        | 3 |  3.6
Axes           | 1 |  1.6
Armour         | 1 |  1.6
Fighting       | |  2.9
Stealth        | |  1.1

Action                     |  1- 3 |  4- 6 || total
---------------------------+-------+-------++-------
  Melee: Hand axe          |    43 |    77 ||   120
         Punch             |     1 |     1 ||     2
   Fire: Shortbow          |    42 |     5 ||    47
    Use: Potion            |       |     4 ||     4
   Stab: Sleeping          |     1 |     2 ||     3
 Armour: Leather armour    |     9 |    27 ||    36
         Skin              |       |     4 ||     4
  Dodge: Dodged            |    42 |    63 ||   105

Table legend: (Time is in decaauts)
 A = Elapsed time spent in this place.
 B = Non-inter-level travel time spent in this place.
 C = Inter-level travel time spent in this place.
 D = Time resting spent in this place.
 E = Time spent auto-exploring this place.
 F = Levels seen in this place.
 G = Mean time per level.
                   A        B        C        D        E       F      G
               +--------+--------+--------+--------+--------+-----+--------+
         Total |   2487 |   2388 |     99 |     53 |   1745 |   6 |  414.5 |
       Dungeon |   2487 |   2388 |     99 |     53 |   1745 |   6 |  414.5 |
               +--------+--------+--------+--------+--------+-----+--------+

Top non-repeatable levels by time:
     D:2: 900 daAuts
     D:1: 796 daAuts
     D:3: 320 daAuts
     D:5: 279 daAuts
     D:4: 120 daAuts
     D:6: 70 daAuts
